 Dungeon Crawl Stone Soup version 0.23.2-33-g5129a83184 (webtiles) character file.

Game seed: 14218619105002994785

30 Folque the Conjurer (level 2, -5/23 HPs)
             Began as a Demigod Conjurer on July 28, 2019.
             Slain by an iguana (12 damage)
             ... on level 2 of the Dungeon.
             The game lasted 00:02:53 (1300 turns).

Folque the Conjurer (Demigod Conjurer)              Turns: 1300, Time: 00:02:54

Health: -5/23      AC:  3    Str: 11    XL:     2   Next: 87%
Magic:  5/8        EV: 12    Int: 19    God:
Gold:   32         SH:  0    Dex: 16    Spells: 2/5 levels left

rFire    . . .     SeeInvis .   d - +0 short sword
rCold    . . .     Gourm    .   (no shield)
rNeg     . . .     Faith    .   a - +0 robe
rPois    .         Spirit   .   (no helmet)
rElec    .         Reflect  .   (no cloak)
rCorr    .         Harm     .   (no gloves)
MR       .....                  g - +0 pair of boots
Stlth    ++........             (no amulet)
HPRegen  0.07/turn              (no ring)
MPRegen  0.11/turn              (no ring)

@: no status effects
A: high mp 1
a: no special abilities


You were on level 2 of the Dungeon.
You were not hungry.

You visited 1 branch of the dungeon, and saw 2 of its levels.

You collected 32 gold pieces.

Inventory:

Hand Weapons
 d - a +0 short sword (weapon)
Armour
 a - a +0 robe (worn)
 e - a +0 ring mail
 g - a +0 pair of boots (worn)
Jewellery
 l - a +6 ring of dexterity {unknown}
Wands
 p - a wand of digging (5)
Scrolls
 i - a scroll of identify {unknown}
 j - a scroll of teleportation {unknown}
 o - a scroll of enchant armour {unknown}
Potions
 b - a potion of resistance {unknown}
 f - a potion of curing {unknown}
 h - a potion of brilliance {unknown}
 k - 2 potions of cancellation {unknown}
 n - a potion of lignification {unknown}
Comestibles
 c - 4 rations


   Skills:
 + Level 1.0 Fighting
 - Level 1.7 Dodging
 - Level 1.7 Stealth
 * Level 2.4 Spellcasting
 + Level 3.8 Conjurations


You had 2 spell levels left.
You knew the following spells:

 Your Spells              Type           Power        Failure   Level  Hunger
a - Magic Dart            Conj           ###.         3%          1    #......
b - Searing Ray           Conj           ###...       4%          2    ##.....

Your spell library contained the following spells:

 Spells                   Type           Power        Failure   Level  Hunger
 Dazzling Spray           Conj/Hex       #.....       22%         3    ###....
 Iskenderun's Mystic Bla  Conj           ###.....     32%         4    #####..
 Force Lance              Conj/Tloc      #.......     58%         4    #####..
 Fulminant Prism          Conj/Hex       #.........   58%         4    #####..


Dungeon Overview and Level Annotations

Branches:
Dungeon (2/15)


Innate Abilities, Weirdness & Mutations

You have an increased reservoir of magic. (+10% MP)


Message History

All of the chunks of flesh in your inventory have rotted away.
The helpless iguana fails to defend itself.
You hit the iguana.
The iguana is moderately wounded.
The iguana closely misses you.
You hit the iguana but do no damage.
The iguana is moderately wounded.
The iguana bites you!
Casting: Searing Ray (safe; 4% risk of failure)
Confirm with . or Enter, or press ? or * to list all spells.
Aiming: Searing Ray (safe; 4% risk of failure)
Press: ? - help, Shift-Dir - straight line, f - iguana
Aim: an iguana (moderately wounded)
The searing ray hits the iguana.
The iguana is moderately wounded. (Press . to maintain the ray.)
The iguana bites you!
The searing ray misses the iguana.
The iguana bites you!
Ouch! That really hurt!
You die...

.# .# ### .# #.. ##.
#.# #.. ##.##
#.######### ##.[.##
#..........
##.....###.########.
#.l@....##.# #.
#....._......# #.
#.#.......#..########.
#.
##.....###..........
##...## #.########.
##.## ........... #.#
..########. #.. ..# #.
## #.


You could see an iguana.

Vanquished Creatures
  An ooze (D:2)
  A worm (D:2)
  5 giant cockroaches
  2 goblins (D:1)
  A hobgoblin (D:1)
  A kobold (D:1)
  A ball python (D:2)
  4 bats (D:1)
  2 frilled lizards (D:1)
  4 rats
22 creatures vanquished.

Notes
Turn   | Place    | Note
-------+----------+-------------------------------------------
     0 | D:1      | Folque the Demigod Conjurer began the quest for the Orb.
     0 | D:1      | Reached XP level 1. HP: 14/14 MP: 5/5
   277 | D:1      | Reached XP level 2. HP: 22/22 MP: 7/7
   963 | D:2      | Learned a level 2 spell: Searing Ray
  1098 | D:2      | Reached skill level 1 in Fighting
  1288 | D:2      | Found a hazy altar of Hepliaklqana.
  1300 | D:2      | Slain by an iguana

Skill      XL: |  1  2 |
---------------+-------+-----
Spellcasting   | 2 |  2.4
Fighting       | 1 |  1.0
Dodging        | |  1.7
Stealth        | |  1.7
Conjurations   | |  3.8

Action                   || total
-------------------------++-------
Melee: Short sword       ||    70
 Cast: Magic Dart        ||     1
       Searing Ray       ||     3
 Stab: Sleeping          ||     5
  Eat: Chunk             ||     1
Armor: Robe              ||    16
Dodge: Dodged            ||    47
